 Seeded DCSS version 0.30-a0-1016-gfb0d676c02 (webtiles) character file.

Game seed: 98268997 (custom seed)

63 GigaChad the Shield-Bearer (level 4, 37/37 HPs)
             Began as a Formicid Fighter on Apr 6, 2023.
             Quit the game on level 2 of the Dungeon.
             The game lasted 00:02:07 (986 turns).

GigaChad the Shield-Bearer (Formicid Fighter)        Turns: 986, Time: 00:02:08

Health: 37/37      AC:  9    Str: 22    XL:     4   Next: 31%
Magic:  4/4        EV:  9    Int: 12    God:
Gold:   75         SH:  5    Dex: 13    Spells: 3/3 levels left

rFire   . . .      SeeInvis +    a - +0 war axe
rCold   . . .      Faith    .    c - +0 buckler
rNeg    . . .      Spirit   .    b - +0 scale mail
rPois   +          Reflect  .    (helmet unavailable)
rElec   .          Rampage  .    e - +0 cloak
rCorr   .                        h - +0 pair of gloves "Zabys" {rPois Int+4}
Will    .....                    (no boots) Stlth
                                 (no amulet)
HPRegen 0.26/turn                (no ring)
MPRegen 0.09/turn                (no ring)

@: no status effects
A: permanent stasis, dig shafts and tunnels, antennae 3, four strong arms
a: Dig, Shaft Self


You were on level 2 of the Dungeon.
You visited 1 branch of the dungeon, and saw 2 of its levels.

You collected 75 gold pieces.

Inventory:

Hand Weapons
 a - a +0 war axe (weapon)
Armour
 b - a +0 scale mail (worn)
 c - a +0 buckler (worn)
 e - a +0 cloak (worn)
 h - the +0 pair of gloves "Zabys" (worn) {rPois Int+4}
   (You acquired it on level 1 of the Dungeon)

   Int:       It affects your intelligence (+4).
   rPois:     It protects you from poison.
Scrolls
 i - a scroll of blinking
Potions
 d - a potion of might
 f - a potion of curing {unknown}
 g - a potion of degeneration {unknown}
 j - a potion of ambrosia {unknown}


   Skills:
 + Level 3.7 Fighting
 + Level 2.9 Axes
 + Level 4.1 Armour
 + Level 4.4 Shields


You had 3 spell levels left.
You didn't know any spells.
Your spell library contained the following spells:

 Spells                   Type           Power      Damage    Failure   Level
 Ensorcelled Hibernation  Hex/Ice        0%         N/A       83%         2
 Dazzling Flash           Conj/Hex       0%         N/A       97%         3
 Spider Form              Tmut/Pois      0%         N/A       97%         3
 Anguish                  Hex/Necr       0%         N/A       100%        4
 Agony                    Necr           0%         N/A       100%        5
 Silence                  Hex/Air        0%         N/A       100%        5


Dungeon Overview and Level Annotations

Branches:
Dungeon (2/15)

Altars:


Innate Abilities, Weirdness & Mutations

You cannot be hasted, slowed, berserked, paralysed or teleported.
You can dig through walls and to a lower floor.
You have a pair of large antennae on your head. (SInv)
Your four strong arms can wield two-handed weapons with a shield.


Message History

The jackal closely misses you.
An endoplasm comes into view.
There are monsters nearby!
There are monsters nearby!
You barely miss the jackal.
The jackal is severely wounded.
The jackal bites you but does no damage. x2
You barely miss the jackal.
The jackal is severely wounded.
You block the jackal's attack.
A jackal comes into view.
The jackal closely misses you.
The jackal bites you but does no damage.
There are monsters nearby!
You hit the jackal.
You kill the jackal!
You hit the jackal. The jackal closely misses you.
You block the jackal's attack.
You hit the jackal but do no damage.
The jackal is almost dead.
The jackal bites you. You block the jackal's attack.
Unknown command.
You slash the jackal!
You kill the jackal!
You hit the endoplasm but do no damage. You block the endoplasm's attack.
You slash the endoplasm!
You kill the endoplasm!
You barely miss the jackal. You block the jackal's attack.
The jackal closely misses you.
You hit the jackal.
You kill the jackal!
Unknown command.
No target in view!
Unknown command.
No target in view!
Unknown command.
Are you sure you want to abandon this character and quit the game? (Confirm with "yes".)
Okay, then.
Okay, then.
Are you sure you want to abandon this character and quit the game? (Confirm with "yes".)

#####..# ....#.# ....#.#
#..#.#### # ##...[..###
##.#.........#
#............#
.=.....@†..?.#######
..###..†.....##....#
............##....#
#.##.........##....#####
#.........''.........
...........##.........
.....#.......#.........
.#.....#####.'.........
#....# ###...#.....


There were no monsters in sight!

Vanquished Creatures
  An adder (D:2)
  A dart slug (D:1)
  4 bats (D:1)
  5 endoplasms
  2 giant cockroaches (D:1)
  4 goblins (D:1)
  2 hobgoblins (D:1)
  11 jackals
  A quokka (D:1)
  3 ball pythons (D:1)
  3 frilled lizards
  4 kobolds
  2 rats
43 creatures vanquished.

Notes
Turn   | Place    | Note
-------+----------+-------------------------------------------
     0 | D:1      | GigaChad the Formicid Fighter began the quest for the Orb.
     0 | D:1      | Reached XP level 1. HP: 18/18 MP: 1/1
    89 | D:1      | Reached XP level 2. HP: 24/24 MP: 2/2
   276 | D:1      | Reached XP level 3. HP: 29/29 MP: 3/3
   716 | D:1      | Identified a scroll of acquirement
   716 | D:1      | Acquired the +0 pair of gloves "Zabys" {rPois Int+4}
   922 | D:2      | Reached XP level 4. HP: 32/37 MP: 4/4
   986 | D:2      | Quit the game

Illustrated notes

Levels and vault maps discovered:
D:1:      saegor_arrival_simple_e, layout_loops_ring
D:2:      kennysheep_six_static_rooms, layout_basic, nicolae_figureground_pulse,
          uniq_terence

Skill      XL: |  1  2  3 |
---------------+----------+-----
Armour         | 4 |  4.1
Fighting       | |  3.7
Axes           | |  2.9
Shields        | |  4.4

Action                     |  1- 3 |  4- 6 || total
---------------------------+-------+-------++-------
  Melee: War axe           |    93 |    15 ||   108
    Use: Scroll            |     2 |       ||     2
 Armour: Scale mail        |    48 |    11 ||    59
  Dodge: Dodged            |    47 |     8 ||    55
  Block: Buckler           |    32 |     8 ||    40

Table legend: (Time is in decaauts)
 A = Elapsed time spent in this place.
 B = Non-inter-level travel time spent in this place.
 C = Inter-level travel time spent in this place.
 D = Time resting spent in this place.
 E = Time spent auto-exploring this place.
 F = Levels seen in this place.
 G = Mean time per level.
                   A        B        C        D        E       F      G
               +--------+--------+--------+--------+--------+-----+--------+
         Total |   1030 |    989 |     41 |      0 |    685 |   2 |  515.0 |
       Dungeon |   1030 |    989 |     41 |      0 |    685 |   2 |  515.0 |
               +--------+--------+--------+--------+--------+-----+--------+

Top non-repeatable levels by time:
     D:1: 795 daAuts
     D:2: 235 daAuts
